 Dungeon Crawl Stone Soup version 0.28-a0-655-g4eb62b627b (webtiles) character file.

Game seed: 2147302053444716000

4036 kipponium the Cleaver (level 10, -4/70 HPs)
             Began as a Demonspawn Chaos Knight on Oct 12, 2021.
             Was a Plaything of Xom.
             Slain by a two-headed ogre (8 damage)
             ... on level 8 of the Dungeon.
             The game lasted 00:35:35 (11938 turns).

kipponium the Cleaver (Demonspawn Chaos Knight)    Turns: 11938, Time: 00:35:37

Health: -4/70      AC: 11    Str: 12    XL:     10   Next: 4%
Magic:  11/19      EV: 11    Int: 16    God:    Xom [...*..]
Gold:   500        SH:  5    Dex: 14    Spells: 4/9 levels left

rFire   . . .      SeeInvis .   a - +0 hand axe (chaos)
rCold   + . .      Faith    .   (no shield)
rNeg    . . .      Spirit   .   d - +1 steam dragon scales
rPois   .          Reflect  +   (no helmet)
rElec   +          Harm     .   (no cloak)
rCorr   .          Rampage  .   B - +0 pair of gloves
Will    .....                   n - +0 pair of boots
Stlth   +.........              c - amulet of reflection
HPRegen 0.21/turn               z - ring of protection from fire
MPRegen 0.16/turn               x - ring "Kunnup" {Ice MP+9}

@: flying
A: molten scales 2, powered by death 1, demonic magic 1, weakness stinger 2,
electricity resistance
a: Renounce Religion


You were on level 8 of the Dungeon.
You worshipped Xom.
You were a favourite toy of Xom.
You visited 1 branch of the dungeon, and saw 8 of its levels.

You collected 500 gold pieces.

Inventory:

Hand Weapons
 a - a +0 hand axe of chaos (weapon)
 k - a +1 mace of protection
 r - a +2 whip of venom
 E - a +0 battleaxe of chaos
 G - a +5 dire flail of freezing
Missiles
 b - a javelin
 v - 6 poisoned darts (quivered)
Armour
 d - +1 steam dragon scales (worn)
 n - a +0 pair of boots (worn)
 y - a +4 chain mail of cold resistance
 B - a +0 pair of gloves (worn)
Jewellery
 c - an amulet of reflection (around neck)
 w - a ring of flight
 x - the ring "Kunnup" (right hand) {Ice MP+9}
   (You found it on level 5 of the Dungeon)

   [ring of ice]

   It enhances your ice magic.
   rF:        It makes you vulnerable to fire.
   rC:        It protects you from cold.
   MP:        It affects your magic capacity (+9).
 z - a ring of protection from fire (left hand)
 F - a ring of protection from cold
Wands
 C - a wand of paralysis (6)
 D - a wand of polymorph (4)
Scrolls
 g - 2 scrolls of vulnerability
 h - 2 scrolls of enchant armour
 i - a scroll of fog {unknown}
 j - a scroll of immolation
 q - 3 scrolls of noise
 s - a scroll of amnesia {unknown}
 A - a scroll of teleportation {unknown}
Potions
 f - 6 potions of curing
 l - 3 potions of might
 o - 2 potions of attraction
 p - a potion of mutation
 t - 2 potions of brilliance


   Skills:
 - Level 3.0 Fighting
 + Level 11.6 Axes
 - Level 1.7 Armour
 - Level 0.8 Dodging
 * Level 6.9 Ice Magic


You had 4 spell levels left.
You knew the following spells:

 Your Spells              Type           Power      Damage    Failure   Level
a - Frozen Ramparts       Ice            66%        1d8       4%          3
b - Ensorcelled Hibernat  Hex/Ice        32%        N/A       10%         2

Your spell library contained the following spells:

 Spells                   Type           Power      Damage    Failure   Level
 Freeze                   Ice            100%       1d11      1%          1
 Hailstorm                Conj/Ice       16%        3d6       52%         4
 Tukima's Dance           Hex            0%         N/A       58%         3
 Leda's Liquefaction      Hex/Erth       0%         N/A       94%         4
 Lee's Rapid Deconstruct  Erth           0%         3d5*      100%        5
 Statue Form              Tmut/Erth      0%         N/A       100%        6


Dungeon Overview and Level Annotations

Branches:
Dungeon (8/15)             Temple (0/1) D:4            Lair (0/6) D:8

Altars:
Fedhas
Qazlal
Uskayaw

Annotations:
D:5 1 runed translucent door, askman's ghost, amateur DsFi


Innate Abilities, Weirdness & Mutations

You are mostly covered in molten scales. (AC +3)
You regenerate a little health from kills.
Spells you cast may paralyse adjacent enemies.
You have a tail ending in a sharp stinger.
You are resistant to electric shocks. (rElec)


Message History

Casting: Frozen Ramparts (dangerous; 4% risk of failure)
Press: ? - help, Dir - look around, f - activate You feel a surge of power!
The walls around you are covered in ice.
Malevolent energies surge around you.
The wall freezes the two-headed ogre.
The two-headed ogre hits you with a +0 giant club!
The two-headed ogre hits you with a +0 giant spiked club!!
You die... "Just one more try."
Xom revives you!
Casting: Frozen Ramparts (dangerous; 4% risk of failure)
Confirm with . or Enter, or press ? or * to list all spells.
Aiming: Ensorcelled Hibernation (safe; 10% risk of failure)
Press: ? - help, Shift-Dir - straight line, f - two-headed ogre
Aim: a two-headed ogre, wielding a +0 giant club and a +0 giant spiked club (severely wounded, fast, very poisoned, chance to affect: 29%)
Okay, then.
Aiming: Paralyse
Press: ? - help, Shift-Dir - straight line, f - two-headed ogre
Aim: a two-headed ogre, wielding a +0 giant club and a +0 giant spiked club (severely wounded, fast, very poisoned, chance to affect: 28%)
Okay, then.
Okay, then.
Blink to where?
Press: ? - help, Dir - move target Your frozen ramparts will break if you move.
Continue?
The frozen ramparts melt away as you move.
As you read the scroll of blinking, it crumbles to dust.
You are now a favourite toy of Xom.
It was a potion of flight.
You feel very buoyant.
You fly up into the air.
Casting: Ensorcelled Hibernation (safe; 10% risk of failure)
Confirm with . or Enter, or press ? or * to list all spells.
Aiming: Ensorcelled Hibernation (safe; 10% risk of failure)
Press: ? - help, Shift-Dir - straight line, f - two-headed ogre
Aim: a two-headed ogre, wielding a +0 giant club and a +0 giant spiked club (severely wounded, fast, poisoned, chance to affect: 29%)
You feel a surge of power!
The two-headed ogre easily resists.
Malevolent energies surge around you.
The two-headed ogre hits you with a +0 giant club!
You die...
Xom thinks this is hilarious!

######.####.#####(.###
#.............(.##
######.......(####
#########..>.............#######
#......(..####..................
#.......### #.......####.<#####
#....<..######.......# ##.(.##*
#......[..(##...O....# ###...#
##########.....@.....# *##>.
#............###### * #
##.##########[.....####### ##..#
######.......# #..## #######..
#####<## ### #.....# # #....##
#....#


You could see a two-headed ogre (fast, poisoned).

Vanquished Creatures
  A troll (D:8)
  A wyvern (D:8)
  A steam dragon (D:6)
  Menkaure (D:5)
  2 water moccasins
  An orc warrior (D:7)
  3 ice beasts
  A black bear (D:5)
  2 ogres
  A wolf (D:8)
  A centaur (D:5)
  A phantom (D:5)
  2 bullfrogs
  A gnoll sergeant (D:7)
  3 scorpions
  A wyvern skeleton (D:7)
  2 water moccasin skeletons (D:4)
  A killer bee (D:3)
  3 wights (D:8)
  4 electric eels (D:8)
  3 howler monkeys (D:7)
  3 centaur zombies
  A lava snake (D:7)
  2 centaur skeletons
  4 hounds
  A bullfrog skeleton (D:6)
  A jelly (D:8)
  2 orc priests
  A gnoll shaman (D:7)
  3 iguanas
  2 orc wizards
  2 killer bee zombies
  A hound skeleton (D:5)
  Robin (D:4)
  A howler monkey skeleton (D:7)
  29 gnolls
  3 adders
  7 river rats (D:5)
  A white imp (D:5)
  An adder skeleton (D:4)
  2 worms
  2 dart slugs
  21 orcs
  9 bats
  7 endoplasms
  2 giant cockroaches
  16 goblins
  5 hobgoblins
  16 jackals
  7 quokkas (D:5)
  8 ball pythons
  3 frilled lizards
  9 kobolds
  16 rats
225 creatures vanquished.

Vanquished Creatures (collateral kills)
  A sky beast (D:6)
  A wolf (D:8)
  A hound (D:8)
3 creatures vanquished.

Vanquished Creatures (others)
  An ogre (D:6)
  A fungus (D:2)
  6 plants
8 creatures vanquished.

Grand Total: 236 creatures vanquished

Notes
Turn   | Place    | Note
-------+----------+-------------------------------------------
     0 | D:1      | kipponium the Demonspawn Chaos Knight began the quest for
                  | the Orb.
     0 | D:1      | Reached XP level 1. HP: 18/18 MP: 1/1
   147 | D:1      | XOM: potion effect (brilliance)
   154 | D:1      | Reached skill level 3 in Axes
   227 | D:1      | Gained mutation: Spells you cast may paralyse adjacent
                  | enemies. [demonic ancestry]
   227 | D:1      | Reached XP level 2. HP: 18/24 MP: 2/2
   238 | D:1      | XOM: 2-stop teleportation journey
   531 | D:1      | XOM: noise
   675 | D:1      | XOM: summons 2 hostile demons
   676 | D:1      | Noticed a chaos spawn
   676 | D:1      | Noticed a crimson imp
   686 | D:1      | XOM: summons 4 hostile shadow creatures
  1022 | D:1      | XOM: divination: detect creatures
  1306 | D:2      | Reached XP level 3. HP: 28/29 MP: 3/3
  1327 | D:2      | XOM: scenery: 1 doors open
  1485 | D:2      | Reached skill level 4 in Axes
  1571 | D:2      | XOM: give mutation
  1571 | D:2      | Gained mutation: You are resistant to electric shocks.
                  | (rElec) [Xom's grace]
  1809 | D:2      | Found a faded altar of an unknown god.
  2114 | D:2      | XOM: divination: magic mapping
  2216 | D:3      | XOM: confuse monster(s)
  2408 | D:3      | Reached XP level 4. HP: 25/35 MP: 4/4
  2439 | D:3      | XOM: noise
  2580 | D:3      | Learned a level 3 spell: Frozen Ramparts
  2630 | D:3      | XOM: polymorph howler monkey -> killer bee
  2634 | D:3      | Reached skill level 5 in Axes
  2641 | D:3      | Gained mutation: You have a small tail. [demonic ancestry]
  2641 | D:3      | Reached XP level 5. HP: 18/41 MP: 5/5
  2889 | D:3      | Found a stormy altar of Qazlal.
  3244 | D:3      | Reached skill level 6 in Axes
  3320 | D:3      | XOM: cleaving
  3555 | D:3      | Gained mutation: You are partially covered in molten
                  | scales. (AC +2) [demonic ancestry]
  3555 | D:3      | Reached XP level 6. HP: 45/47 MP: 6/6
  3640 | D:3      | XOM: butterfly on damage
  4275 | D:3      | XOM: fog
  4286 | D:3      | XOM: polymorph gnoll -> frilled lizard
  4531 | D:3      | XOM: torment (25/47 hp)
  4693 | D:3      | XOM: potion effect (brilliance)
  4724 | D:3      | XOM: silly message
  4736 | D:3      | Reached skill level 7 in Axes
  5246 | D:4      | XOM: silly message
  5257 | D:4      | Gained mutation: You are mostly covered in molten scales.
                  | (AC +3) [demonic ancestry]
  5257 | D:4      | Reached XP level 7. HP: 52/52 MP: 7/7
  5304 | D:4      | Found a staircase to the Ecumenical Temple.
  5445 | D:4      | Noticed Robin
  5454 | D:4      | Killed Robin
  5505 | D:4      | XOM: noise
  5508 | D:4      | XOM: cast spell 'Olgreb's Toxic Radiance'
  5611 | D:4      | XOM: silly message
  5763 | D:4      | XOM: silly message
  5904 | D:4      | XOM: silly message
  6025 | D:4      | Found a hide-covered altar of Uskayaw.
  6085 | D:4      | Reached skill level 8 in Axes
  6129 | D:4      | XOM: silly message
  6450 | D:5      | Entered Level 5 of the Dungeon
  6455 | D:5      | Reached skill level 1 in Ice Magic
  6585 | D:5      | Noticed Menkaure
  6736 | D:4      | XOM: silly message
  6883 | D:5      | Found a runed translucent door.
  6916 | D:5      | XOM: silly message
  6944 | D:5      | Gained mutation: You regenerate a little health from kills.
                  | [demonic ancestry]
  6944 | D:5      | Reached XP level 8. HP: 41/58 MP: 8/8
  7036 | D:5      | Identified the ring "Kunnup" {Ice MP+9}
  7310 | D:5      | XOM: cloud trail
  7348 | D:5      | XOM: confuse monster(s)
  7350 | D:5      | XOM: butterfly on damage
  7355 | D:5      | Reached skill level 9 in Axes
  7500 | D:5      | XOM: noise
  7631 | D:5      | XOM: 1-stop teleportation journey
  7641 | D:5      | Killed Menkaure
  7944 | D:5      | XOM: 2-stop teleportation journey
  8496 | D:5      | Noticed askman's ghost (amateur DsFi)
  8540 | D:6      | XOM: summons friendly ufetubus
  8594 | D:6      | Reached skill level 10 in Axes
  9170 | D:6      | XOM: divination: detect items
  9193 | D:6      | Found a blossoming altar of Fedhas.
  9275 | D:6      | Reached XP level 9. HP: 47/63 MP: 9/9
  9440 | D:7      | XOM: stealth player
  9792 | D:7      | XOM: noise
  9940 | D:7      | XOM: silly message
 10079 | D:7      | XOM: silly message
 10211 | D:7      | XOM: silly message
 10246 | D:7      | XOM: potion effect (curing)
 10252 | D:7      | Reached skill level 11 in Axes
 10252 | D:7      | XOM: potion effect (haste)
 10319 | D:7      | XOM: divination: detect creatures
 10433 | D:7      | XOM: silly message
 10442 | D:7      | Reached skill level 5 in Ice Magic
 10677 | D:7      | XOM: god gift: fluorescent wand {god gift}
 10681 | D:7      | XOM: god gift: +0 battleaxe of chaos
 10690 | D:7      | XOM: god gift: 11 sling bullets
 10816 | D:8      | XOM: cast spell 'Cause Fear'
 10827 | D:8      | XOM: enchant monster (good)
 11011 | D:8      | Noticed a troll
 11287 | D:8      | Found a staircase to the Lair.
 11303 | D:8      | XOM: divination: magic mapping
 11304 | D:8      | XOM: summons friendly iron imp
 11306 | D:8      | Killed a troll
 11308 | D:8      | XOM: blink monster(s)
 11319 | D:8      | Gained mutation: You have a tail ending in a sharp stinger.
                  | [demonic ancestry]
 11319 | D:8      | Reached XP level 10. HP: 25/70 MP: 10/10
 11565 | D:8      | XOM: noise
 11594 | D:8      | Noticed a two-headed ogre
 11788 | D:7      | XOM: silly message
 11899 | D:7      | Learned a level 2 spell: Ensorcelled Hibernation
 11915 | D:8      | XOM: enchant monster (good)
 11932 | D:8      | Xom revived you
 11938 | D:8      | Slain by a two-headed ogre

Illustrated notes

Levels and vault maps discovered:
D:1:      minmay_arrival_open_corners, layout_basic
D:2:      layout_basic, shapermc_ecumenical_altar_mp_ritualfount
D:3:      lemuel_castle_with_subvaults [lemuel_castle_interior_original],
          layout_rooms, nicolae_qazlal_scattered_showers,
          minmay_misc_feat_rugged, kennysheep_donut
D:4:      layout_gridville, nicolae_uskayaw_suspiria,
          minmay_temple_entry_antechambers, chequers_serial_rivers_micro_c,
          minmay_fractal_squares_gapless_5, uniq_robin
D:5:      lemuel_ratsnest, layout_basic, ebering_ghost_sewer_d,
          interstate_on_off, uniq_menkaure
D:6:      layout_loops_ring, general_overflow_altar
D:7:      layout_cave_pods, nicolae_lava_and_water
D:8:      layout_rooms, erik_lair_island, nrook_mini_vaults, minmay_shop_chei

Skill      XL: |  1  2  3  4  5  6  7  8  9 |
---------------+----------------------------+-----
Axes           | 3 4 5 6 7 8 10 11 | 11.6
Ice Magic      | 1 3 6 |  6.9
Fighting       | |  3.0
Armour         | |  1.7
Dodging        | |  0.8

Action                   |  1- 3 |  4- 6 |  7- 9 | 10-12 || total
-------------------------+-------+-------+-------+-------++-------
Melee: Hand axe          |   168 |   197 |   463 |    12 ||   840
       Tailslap          |       |    22 |    67 |       ||    89
Throw: Throwing net      |       |     1 |     1 |       ||     2
       Javelin           |       |       |     7 |       ||     7
       Dart              |       |       |    21 |     7 ||    28
 Cast: Frozen Ramparts   |       |       |    24 |     2 ||    26
       Ensorcelled Hiber |       |       |       |     2 ||     2
Evoke: Wand              |       |       |     2 |     1 ||     3
  Use: Scroll            |     1 |       |     6 |     6 ||    13
       Potion            |       |       |       |     3 ||     3
 Stab: Paralysed         |       |     3 |     1 |       ||     4
       Petrifying        |       |     1 |     3 |       ||     4
       Sleeping          |       |       |     3 |       ||     3
       Confused          |       |       |     2 |       ||     2
       Petrified         |       |       |     5 |       ||     5
Armor: Leather armour    |    56 |    54 |    63 |       ||   173
       Steam dragon scal |       |       |    55 |       ||    55
Dodge: Dodged            |    90 |    87 |   149 |     8 ||   334
Block: Other             |    33 |    43 |    70 |     2 ||   148
       Reflection        |       |       |     2 |       ||     2

Table legend: (Time is in decaauts)
 A = Elapsed time spent in this place.
 B = Non-inter-level travel time spent in this place.
 C = Inter-level travel time spent in this place.
 D = Time resting spent in this place.
 E = Time spent auto-exploring this place.
 F = Levels seen in this place.
 G = Mean time per level.
                   A        B        C        D        E       F      G
               +--------+--------+--------+--------+--------+-----+--------+
         Total |  11856 |  11515 |    341 |   4551 |   4470 |   8 | 1482.0 |
       Dungeon |  11856 |  11515 |    341 |   4551 |   4470 |   8 | 1482.0 |
               +--------+--------+--------+--------+--------+-----+--------+

Top non-repeatable levels by time:
     D:3: 2492 daAuts
     D:5: 1870 daAuts
     D:7: 1604 daAuts
     D:2: 1533 daAuts
     D:4: 1364 daAuts
     D:1: 1239 daAuts
     D:6: 919 daAuts
     D:8: 831 daAuts
